 Dungeon Crawl Stone Soup version 0.27-a0-887-gcab673c142 (webtiles) character file.

Game seed: 7276656794245227491

965 wakim the Shooter (level 7, 0/32 HPs)
             Began as a Spriggan Arcane Marksman on Apr 3, 2021.
             Was a Follower of Uskayaw.
             Succumbed to a water moccasin's poison
             ... on level 5 of the Dungeon.
             The game lasted 00:29:01 (9536 turns).

wakim the Shooter (Spriggan Arcane Marksman)        Turns: 9536, Time: 00:29:02

Health: 0/32       AC:  3    Str:  6    XL:     7   Next: 93%
Magic:  11/11      EV: 38    Int: 14    God:    Uskayaw [*.....]
Gold:   220        SH:  0    Dex: 18    Spells: 4/10 levels left

rFire    . . .     SeeInvis +   a - +1 shortbow
rCold    . . .     Faith    .   (shield currently unavailable)
rNeg     . . .     Spirit   .   g - +1 robe
rPois    .         Reflect  .   (helmet restricted)
rElec    .         Harm     .   (no cloak)
rCorr    .         Rampage  .   (gloves unavailable)
Will     +....                  (boots unavailable)
Stlth    +++.......             c - amulet of the acrobat
HPRegen  0.10/turn              f - +4 ring of evasion
MPRegen  0.12/turn              (no ring)

@: lethally poisoned (0 -> -4), acrobatic, very quick
A: very small, no large weapons, unfitting armour, see invisible, speed 3
a: Renounce Religion, Stomp


You were on level 5 of the Dungeon.
You worshipped Uskayaw.
Uskayaw was noncommittal.
You visited 1 branch of the dungeon, and saw 6 of its levels.
You also visited: Sewer.

You collected 220 gold pieces.

Inventory:

Hand Weapons
 a - a +1 shortbow (weapon)
 b - a +3 quarterstaff of chaos
 q - a +0 hunting sling
Missiles
 h - 12 sling bullets
 i - 58 arrows (quivered ammo)
 s - a curare-tipped dart
 u - 6 poisoned darts
Armour
 g - a +1 robe (worn)
 p - a +0 cloak
Jewellery
 c - an amulet of the acrobat (around neck)
 f - a +4 ring of evasion (left hand)
Scrolls
 d - 2 scrolls of enchant armour
 t - a scroll of summoning {unknown}
 R - a scroll of magic mapping
 T - 2 scrolls of teleportation
 U - 3 scrolls of fear
Potions
 e - a potion of lignification {unknown}
 j - 2 potions of might {unknown}
 k - a potion of cancellation {unknown}
 l - a potion of heal wounds {unknown}
 m - a potion of brilliance {unknown}
 n - 5 potions of flight {unknown}
 o - a potion of degeneration {unknown}
 r - a potion of magic {unknown}
 F - 4 potions of curing


   Skills:
 - Level 0.7 Fighting
 * Level 7.0 Bows
 * Level 4.7 Dodging
 - Level 4.0 Stealth
 - Level 2.0 Spellcasting
 + Level 6.5 Hexes
 + Level 3.7 Translocations
 + Level 1.9 Invocations


You had 4 spell levels left.
You knew the following spells:

 Your Spells              Type           Power      Damage    Failure   Level
a - Corona                Hex            21%        N/A       1%          1
d - Portal Projectile     Hex/Tloc       30%        N/A       9%          3
s - Slow                  Hex            19%        N/A       2%          2

Your spell library contained the following spells:

 Spells                   Type           Power      Damage    Failure   Level
 Cause Fear               Hex            9%         N/A       16%         4
 Inner Flame              Hex/Fire       10%        N/A       19%         3
 Leda's Liquefaction      Hex/Erth       5%         N/A       52%         4


Dungeon Overview and Level Annotations

Branches:
Dungeon (6/15)              Sewer (visited)
 Temple: D:4-7

Altars:
Elyvilon
Fedhas
Gozag
Okawaru
Uskayaw
Wu Jian
Yredelemnul
Zin

Shops:
D:4 ?

Annotations:
D:2 Terence
D:4 Edmund


Innate Abilities, Weirdness & Mutations

You are very small and have problems with some larger weapons.
You are too small for most types of armour.
You have supernaturally acute eyesight. (SInv)
You cover ground extremely quickly. (Speed+++)


Message History

You shoot an arrow. The arrow hits the orc.
You kill the orc!
Things that are here:
a +2 vorpal war axe; an orc corpse
i - 58 arrows (gained 1)
i - 59 arrows (gained 1)
You start resting.
Magic restored.
You start resting.
HP restored.
Things that are here:
a +2 vorpal war axe; an orc skeleton
There is a stone staircase leading down here.
You climb downwards.
The orc shouts!
You hear an angry growl.
You hear an angry hiss.
The water moccasin completely misses you.
The water moccasin bites you!
You are poisoned.
The water moccasin poisons you!
There is a stone staircase leading up, spattered with blood here.
You feel very sick. The water moccasin bites you.
You climb upwards.
You feel very sick.
There is a stone staircase leading down here.
Fire: 59 arrows
Press: ? - help, Q - select action, (/) - cycle Shift-Dir - straight line, f - water moccasin
Aim: a water moccasin (50% to hit)
You shoot an arrow. The arrow hits the water moccasin.
The water moccasin is lightly wounded.
You feel sick. The water moccasin bites you!
* * * LOW HITPOINT WARNING * * *
The water moccasin bites you.
* * * LOW HITPOINT WARNING * * *
* * * LOW HITPOINT WARNING * * *
You feel sick.
* * * LOW HITPOINT WARNING * * *
You feel sick. The water moccasin bites you.
* * * LOW HITPOINT WARNING * * *
You die...

##......# #.#
#######.# #.#
###_####.#######.#
#8...8##..........
##.....##########.#
#8.....8# #.#
##.....## #.#
#8...8# ##.#
##@....## #####...
#8...).8# #.....#.
##..S..## #.###...
#8..(8# #.# ##.#
###>### ###.####.#
########.........
##.###.#.###.##.#
#.......# #....#
#######.###.####


You could see a water moccasin.

Vanquished Creatures
  A black bear (D:4)
  2 ice beasts
  A kobold brigand (D:5)
  A bullfrog (D:5)
  2 scorpions
  A howler monkey (D:5)
  3 hounds
  Crazy Yiuf (D:3)
  An orc priest (D:4)
  A centaur skeleton (D:5)
  An orc wizard (D:4)
  Ijyb (D:3)
  A hound skeleton (D:5)
  Robin (D:3)
  4 gnolls (D:2)
  2 adders
  A white imp (D:6)
  An adder skeleton (D:5)
  2 dart slugs
  10 orcs
  A bat (D:2)
  8 endoplasms
  2 giant cockroaches
  9 goblins
  6 hobgoblins
  7 jackals
  A quokka (D:4)
  6 ball pythons
  6 frilled lizards
  12 kobolds
  2 rats
  A toadstool (D:1)
99 creatures vanquished.

Vanquished Creatures (others)
  A butterfly (D:3)
  3 toadstools (D:1)
4 creatures vanquished.

Grand Total: 103 creatures vanquished

Notes
Turn   | Place    | Note
-------+----------+-------------------------------------------
     0 | D:1      | wakim the Spriggan Arcane Marksman began the quest for the
                  | Orb.
     0 | D:1      | Reached XP level 1. HP: 9/9 MP: 3/3
   441 | D:1      | Reached skill level 1 in Stealth
   659 | D:1      | Reached XP level 2. HP: 14/14 MP: 5/5
   798 | D:1      | Reached skill level 3 in Bows
  1203 | D:2      | Reached XP level 3. HP: 17/17 MP: 2/6
  1492 | D:2      | Learned a level 2 spell: Slow
  1729 | D:2      | Noticed Terence
  2246 | D:2      | Reached XP level 4. HP: 12/21 MP: 7/7
  2408 | D:2      | Found a faded altar of an unknown god.
  2413 | D:2      | Became a worshipper of Uskayaw the Reveller
  2413 | D:2      | Reached * piety under Uskayaw
  3103 | D:3      | Noticed Robin
  3173 | D:3      | Found a runed translucent door.
  3174 | D:3      | Noticed Crazy Yiuf
  3219 | D:3      | Found a white marble altar of Elyvilon.
  3225 | D:3      | Noticed Ijyb
  3243 | D:3      | Reached skill level 4 in Bows
  3552 | D:3      | Reached ** piety under Uskayaw
  3562 | D:3      | Killed Robin
  3569 | D:3      | Reached *** piety under Uskayaw
  4247 | D:3      | Killed Ijyb
  4248 | D:3      | Reached skill level 5 in Hexes
  5056 | D:3      | Killed Crazy Yiuf
  5057 | D:3      | Reached XP level 5. HP: 15/25 MP: 3/8
  5377 | D:4      | Found Cenonidu's Magic Scroll Shoppe.
  5407 | D:4      | Noticed a black bear
  5660 | D:4      | Reached skill level 5 in Bows
  5726 | D:4      | Reached XP level 6. HP: 29/29 MP: 5/10
  5730 | D:4      | Learned a level 3 spell: Portal Projectile
  5923 | D:4      | Reached skill level 1 in Translocations
  6430 | D:4      | Reached skill level 6 in Bows
  6657 | D:5      | Entered Level 5 of the Dungeon
  6657 | D:5      | Noticed Edmund
  7064 | D:5      | Found a glowing drain.
  7108 | Sewer    | Entered a sewer
  7215 | Sewer    | Noticed Purgy
  7337 | D:5      | Reached XP level 7. HP: 15/32 MP: 6/11
  7687 | D:5      | Reached skill level 1 in Invocations
  8485 | D:5      | Found a blossoming altar of Fedhas.
  8488 | D:5      | Found a glowing silver altar of Zin.
  8488 | D:5      | Found an ornate altar of the Wu Jian Council.
  8495 | D:5      | Found an iron altar of Okawaru.
  8507 | D:5      | Found a basalt altar of Yredelemnul.
  9139 | D:5      | Reached skill level 7 in Bows
  9143 | D:5      | Found an opulent altar of Gozag.
  9535 | D:5      | HP: 1/32 [water moccasin (1)]
  9536 | D:5      | Succumbed to a water moccasin's poison

Illustrated notes

Levels and vault maps discovered:
D:1:      ldierk_water_garden, layout_basic
D:2:      layout_basic, ebering_ecumenical_altar_webs, uniq_terence
D:3:      layout_loops_ring, nicolae_elyvilon_peaceful_grove, uniq_robin,
          uniq_crazy_yiuf_cottage, uniq_ijyb
D:4:      layout_cave_pools, serial_shops, shop
D:5:      layout_loops_ring, nicolae_overflow_hidden_temple,
          minmay_overflow_temple_star_hex, portal_sewer_entry_d, uniq_edmund
D:6:      minmay_evil_eye, layout_basic, interstate_on_off

Skill      XL: |  1  2  3  4  5  6  7 |
---------------+----------------------+-----
Stealth        | 1 2 3 4 |  4.0
Hexes          | 4 5 6 |  6.5
Bows           | 3 4 5 6 7 |  7.0
Spellcasting   | 2 |  2.0
Translocations | 2 3 |  3.7
Dodging        | 3 4 |  4.7
Invocations    | 1 |  1.9
Fighting       | |  0.7

Action                   |  1- 3 |  4- 6 |  7- 9 || total
-------------------------+-------+-------+-------++-------
Melee: Unarmed           |     7 |    14 |       ||    21
       Dagger            |     1 |    40 |       ||    41
       Quarterstaff      |       |    51 |    52 ||   103
 Fire: Shortbow          |    39 |    71 |    48 ||   158
       Hunting sling     |       |   112 |       ||   112
Throw: Boomerang         |    88 |       |       ||    88
 Cast: Corona            |    25 |    35 |     7 ||    67
       Slow              |     7 |    28 |    12 ||    47
       Portal Projectile |       |     4 |     4 ||     8
  Use: Scroll            |     3 |     4 |       ||     7
 Stab: Sleeping          |       |     2 |     1 ||     3
Armor: Robe              |    10 |     6 |     7 ||    23
Dodge: Dodged            |    49 |   122 |    94 ||   265

Table legend: (Time is in decaauts)
 A = Elapsed time spent in this place.
 B = Non-inter-level travel time spent in this place.
 C = Inter-level travel time spent in this place.
 D = Time resting spent in this place.
 E = Time spent auto-exploring this place.
 F = Levels seen in this place.
 G = Mean time per level.
                   A        B        C        D        E       F      G
               +--------+--------+--------+--------+--------+-----+--------+
         Total |   7700 |   7514 |    186 |   1071 |   4566 |   7 | 1100.0 |
       Dungeon |   7510 |   7324 |    186 |   1071 |   4511 |   6 | 1251.7 |
         Sewer |    189 |    189 |      0 |      0 |     55 |   1 |  189.0 |
               +--------+--------+--------+--------+--------+-----+--------+

Top non-repeatable levels by time:
     D:2: 2127 daAuts
     D:5: 1787 daAuts
     D:3: 1293 daAuts
     D:4: 1144 daAuts
     D:1: 804 daAuts
     D:6: 354 daAuts
   Sewer: 189 daAuts
